| TOP OF THE 1ST |
|
Mahoning Valley Scrappers batting - Pitching for Aberdeen Ironbirds : RHP Craig Painter
|
|
Pitching: RHP Craig Painter
|
|
|
Batting: LHB Kazuyoshi Nakamura
|
0-0: Ball 1-0: Ball 2-0: Foul Ball, location: 2F 2-1: Ball 3-1: Foul Ball, location: 2F 3-2: Foul Ball, location: 2F 3-2: Fly out, F8 (Line Drive, 8RM, EV 93.1 MPH)
|
|
Batting: LHB Ben Rubenacker
|
0-0: Called Strike 0-1: Foul Ball, location: 2F 0-2: Fly out, F7 (Flyball, 7LM, EV 105.6 MPH)
|
|
Batting: LHB Dave Key
|
0-0: Fly out, F7 (Line Drive, 7, EV 93.8 MPH)
|
| Top of the 1st over - 0 runs, 0 hits, 0 errors, 0 left on base; Mahoning Valley 0 - Aberdeen 0 |
| BOTTOM OF THE 1ST |
|
Aberdeen Ironbirds batting - Pitching for Mahoning Valley Scrappers : LHP Ayaz bin Jalal
|
|
Pitching: LHP Ayaz bin Jalal
|
|
|
Batting: RHB Ryan Bentz
|
0-0: Called Strike 0-1: Called Strike 0-2: Strikes out swinging
|
|
Batting: LHB Danny Schultz
|
0-0: Foul Ball, location: 2F 0-1: Ball 1-1: Ball 2-1: Fly out, F6 (Popup, 6, EV 63.8 MPH)
|
|
Batting: RHB Graham Calvert
|
0-0: DOUBLE (Line Drive, 9LM, EV 103.8 MPH)
|
|
Batting: RHB Chris McGuirk
|
0-0: Foul Ball, location: 2F 0-1: Ball 1-1: Called Strike 1-2: Strikes out looking
|
| Bottom of the 1st over - 0 runs, 1 hit, 0 errors, 1 left on base; Mahoning Valley 0 - Aberdeen 0 |
| TOP OF THE 2ND |
|
Mahoning Valley Scrappers batting - Pitching for Aberdeen Ironbirds : RHP Craig Painter
|
|
Batting: LHB Brandon Hopper
|
0-0: Ball 1-0: Swinging Strike 1-1: Ball 2-1: Foul Ball, location: 2F 2-2: Ball 3-2: Foul Ball, location: 2F 3-2: Foul Ball, location: 2F 3-2: Foul Ball, location: 2F 3-2: Base on Balls
|
|
Batting: RHB Chris Folse
|
0-0: Ball 1-0: Ball 2-0: Foul Ball, location: 2F 2-1: Fly out, F9 (Line Drive, 9, EV 108.8 MPH)
|
|
Batting: RHB Kevin Wiles
|
0-0: Ball 1-0: Called Strike 1-1: Swinging Strike 1-2: Foul Ball, location: 2F 1-2: Foul Ball, location: 2F 1-2: Foul Ball, location: 2F 1-2: Foul Ball, location: 2F 1-2: Strikes out looking
|
|
Batting: RHB Jose Argueta
|
0-0: Ball Wild Pitch! Brandon Hopper to second 1-0: Foul Ball, location: 2F 1-1: Called Strike 1-2: Strikes out looking
|
| Top of the 2nd over - 0 runs, 0 hits, 0 errors, 1 left on base; Mahoning Valley 0 - Aberdeen 0 |
| BOTTOM OF THE 2ND |
|
Aberdeen Ironbirds batting - Pitching for Mahoning Valley Scrappers : LHP Ayaz bin Jalal
|
|
Batting: LHB Danny Moreno
|
0-0: Ball 1-0: Called Strike 1-1: Ground out 1-3 (Groundball, 34S, EV 63.1 MPH)
|
|
Batting: LHB Chris Cohen
|
0-0: SINGLE (Groundball, 4M, EV 101.9 MPH) (infield hit)
|
|
Batting: RHB Heihachiro Fujita
|
Pickoff Throw to First - Out! 1-3 0-0: Ball 1-0: Ball 2-0: Called Strike 2-1: SINGLE (Groundball, 56D, EV 106.9 MPH)
|
|
Batting: RHB Tim Cleary
|
0-0: Called Strike 0-1: Ball 1-1: Ball 2-1: Called Strike 2-2: Fly out, F8 (Line Drive, 8RD, EV 95.6 MPH)
|
| Bottom of the 2nd over - 0 runs, 2 hits, 0 errors, 1 left on base; Mahoning Valley 0 - Aberdeen 0 |
| TOP OF THE 3RD |
|
Mahoning Valley Scrappers batting - Pitching for Aberdeen Ironbirds : RHP Craig Painter
|
|
Batting: LHB Rich Walker
|
0-0: Ball 1-0: Foul Ball, location: 2F 1-1: Called Strike 1-2: Ball 2-2: Strikes out swinging
|
|
Batting: RHB Ricky Cordova
|
0-0: Ball 1-0: Ball 2-0: Called Strike 2-1: Foul Ball, location: 2F 2-2: Ball 3-2: SINGLE (Groundball, 6M, EV 105.0 MPH) (infield hit)
|
|
Batting: LHB Kazuyoshi Nakamura
|
0-0: Called Strike Ricky Cordova steals 2nd base 0-1: Called Strike 0-2: Ball 1-2: Ball Balk! Ricky Cordova to third 2-2: Strikes out swinging
|
|
Batting: LHB Ben Rubenacker
|
0-0: Called Strike 0-1: Ball 1-1: Ball 2-1: SINGLE (Flyball, 56D, EV 86.2 MPH) Ricky Cordova scores
|
|
Batting: LHB Dave Key
|
0-0: Ball 1-0: Called Strike 1-1: Ball 2-1: Foul Ball, location: 2F 2-2: Foul Ball, location: 2F 2-2: Ground out 1-3 (Groundball, P, EV 60.6 MPH)
|
| Top of the 3rd over - 1 run, 2 hits, 0 errors, 1 left on base; Mahoning Valley 1 - Aberdeen 0 |
| BOTTOM OF THE 3RD |
|
Aberdeen Ironbirds batting - Pitching for Mahoning Valley Scrappers : LHP Ayaz bin Jalal
|
|
Batting: LHB Antonio Gutierrez
|
0-0: Ball 1-0: Ball 2-0: Ground out 6-3 (Groundball, 6M, EV 83.8 MPH)
|
|
Batting: RHB Ryan Bentz
|
0-0: Ground out 6-3 (Groundball, 6, EV 83.8 MPH)
|
|
Batting: LHB Danny Schultz
|
0-0: Called Strike 0-1: Foul Ball, location: 2F 0-2: Ground out 5-3 (Groundball, 56, EV 105.0 MPH)
|
| Bottom of the 3rd over - 0 runs, 0 hits, 0 errors, 0 left on base; Mahoning Valley 1 - Aberdeen 0 |
| TOP OF THE 4TH |
|
Mahoning Valley Scrappers batting - Pitching for Aberdeen Ironbirds : RHP Craig Painter
|
|
Batting: LHB Brandon Hopper
|
0-0: Called Strike 0-1: Ball 1-1: Ball 2-1: Swinging Strike 2-2: Foul Ball, location: 2F 2-2: SINGLE (Groundball, 4M, EV 100.0 MPH)
|
|
Batting: RHB Chris Folse
|
0-0: Ball 1-0: Ball Brandon Hopper steals 2nd base 2-0: Foul Ball, location: 2F 2-1: Foul Ball, location: 2F 2-2: Ball 3-2: Base on Balls
|
|
Batting: RHB Kevin Wiles
|
0-0: Ball 1-0: Fly out, F4 (Popup, 3S, EV 83.1 MPH)
|
|
Batting: RHB Jose Argueta
|
0-0: Ball 1-0: Called Strike 1-1: Ball 2-1: Foul Ball, location: 2F 2-2: SINGLE (Line Drive, 8RS, EV 95.6 MPH) Brandon Hopper to third Chris Folse to second
|
|
Batting: LHB Rich Walker
|
0-0: Called Strike 0-1: Fly out, F6 (Line Drive, 56D, EV 66.9 MPH)
|
|
Batting: RHB Ricky Cordova
|
0-0: SINGLE (Groundball, 56D, EV 94.4 MPH) Brandon Hopper scores Chris Folse to third Jose Argueta to second Runner from 3rd tries for Home, SAFE, throw by LF to home
|
|
Batting: LHB Kazuyoshi Nakamura
|
0-0: Foul Ball, location: 2F 0-1: SINGLE (Groundball, 34D, EV 101.9 MPH) Jose Argueta to third Ricky Cordova to second Runner from 3rd tries for Home, SAFE, throw by RF to home
|
|
Batting: LHB Ben Rubenacker
|
0-0: Called Strike 0-1: Ground out 5-3 (Groundball, 56S, EV 85.6 MPH)
|
| Top of the 4th over - 3 runs, 4 hits, 0 errors, 2 left on base; Mahoning Valley 4 - Aberdeen 0 |
| BOTTOM OF THE 4TH |
|
Aberdeen Ironbirds batting - Pitching for Mahoning Valley Scrappers : LHP Ayaz bin Jalal
|
|
Batting: RHB Graham Calvert
|
0-0: Foul Ball, location: 2F 0-1: Ball 1-1: Fly out, F7 (Flyball, 7, EV 78.8 MPH)
|
|
Batting: RHB Chris McGuirk
|
0-0: Called Strike 0-1: Ball 1-1: Foul Ball, location: 2F 1-2: Ball 2-2: Ground out 5-3 (Groundball, 56S, EV 70.6 MPH)
|
|
Batting: LHB Danny Moreno
|
0-0: SINGLE (Groundball, 34D, EV 102.5 MPH)
|
|
Batting: LHB Chris Cohen
|
0-0: SINGLE (Line Drive, 6M, EV 98.1 MPH) Danny Moreno to second Runner from 2nd tries for 3rd, SAFE, throw by CF made to third
|
|
Batting: RHB Heihachiro Fujita
|
0-0: Called Strike 0-1: Swinging Strike 0-2: Foul Ball, location: 2F 0-2: Ball 1-2: Ball 2-2: Ball 3-2: Foul Ball, location: 2F 3-2: Strikes out swinging
|
| Bottom of the 4th over - 0 runs, 2 hits, 0 errors, 2 left on base; Mahoning Valley 4 - Aberdeen 0 |
| TOP OF THE 5TH |
|
Mahoning Valley Scrappers batting - Pitching for Aberdeen Ironbirds : RHP Craig Painter
|
|
Batting: LHB Dave Key
|
0-0: Foul Ball, location: 2F 0-1: Ball 1-1: Foul Ball, location: 2F 1-2: Foul Ball, location: 2F 1-2: Strikes out swinging
|
|
Pitching: RHP Andrew Telles
|
|
|
Batting: LHB Brandon Hopper
|
0-0: Ball 1-0: Ball 2-0: Foul Ball, location: 2F 2-1: Ball 3-1: Foul Ball, location: 2F 3-2: Fly out, F4 (Popup, 4, EV 61.2 MPH)
|
|
Batting: RHB Chris Folse
|
0-0: Called Strike 0-1: Swinging Strike 0-2: Ball 1-2: Foul Ball, location: 2F 1-2: Ball 2-2: Foul Ball, location: 2RF, Error on foul ball, E2 2-2: DOUBLE (Flyball, 8RXD, EV 103.1 MPH)
|
|
Batting: RHB Kevin Wiles
|
0-0: Called Strike 0-1: Ball 1-1: Called Strike 1-2: Ball 2-2: Ball 3-2: Foul Ball, location: 2F 3-2: Foul Ball, location: 2F 3-2: 2-RUN HOME RUN (Flyball, 7LD, EV 96.2 MPH), Distance : 359 ft
|
|
Batting: RHB Jose Argueta
|
0-0: Ball 1-0: Ball 2-0: Swinging Strike 2-1: Ball 3-1: SINGLE (Groundball, 3D, EV 100.0 MPH)
|
|
Batting: LHB Rich Walker
|
0-0: Foul Ball, location: 2F 0-1: Ball 1-1: Called Strike 1-2: Foul Ball, location: 2F 1-2: Strikes out swinging
|
| Top of the 5th over - 2 runs, 3 hits, 1 error, 1 left on base; Mahoning Valley 6 - Aberdeen 0 |
| BOTTOM OF THE 5TH |
|
Aberdeen Ironbirds batting - Pitching for Mahoning Valley Scrappers : LHP Ayaz bin Jalal
|
|
Batting: RHB Tim Cleary
|
0-0: Swinging Strike 0-1: Ball 1-1: Foul Ball, location: 2F 1-2: Strikes out swinging
|
|
Batting: LHB Antonio Gutierrez
|
0-0: Ball 1-0: Ball 2-0: Called Strike 2-1: Ground out 6-3 (Groundball, 6MS, EV 90.6 MPH)
|
|
Batting: RHB Ryan Bentz
|
0-0: Ball 1-0: Ball 2-0: Fly out, F7 (Line Drive, 78S, EV 106.9 MPH)
|
| Bottom of the 5th over - 0 runs, 0 hits, 0 errors, 0 left on base; Mahoning Valley 6 - Aberdeen 0 |
| TOP OF THE 6TH |
|
Mahoning Valley Scrappers batting - Pitching for Aberdeen Ironbirds : RHP Andrew Telles
|
|
Batting: RHB Ricky Cordova
|
0-0: Ball 1-0: Called Strike 1-1: Ball 2-1: Reached via error on a dropped throw from SS, E3 (Groundball, 6, EV 105.6 MPH)
|
|
Batting: LHB Kazuyoshi Nakamura
|
0-0: Ball Wild Pitch! Ricky Cordova to second 1-0: Foul Ball, location: 2F 1-1: Ball 2-1: Fly out, F7 (Flyball, 7, EV 84.4 MPH)
|
|
Batting: LHB Ben Rubenacker
|
0-0: Called Strike 0-1: Ball 1-1: 2-RUN HOME RUN (Flyball, 89XD, EV 115.6 MPH), Distance : 427 ft
|
|
Batting: LHB Dave Key
|
0-0: Ground out U3 (Groundball, 3, EV 109.4 MPH)
|
|
Batting: LHB Brandon Hopper
|
0-0: Ball 1-0: Ball 2-0: Ball 3-0: Called Strike 3-1: Base on Balls
|
|
Batting: RHB Chris Folse
|
0-0: Fly out, F9 (Flyball, 9LS, EV 86.2 MPH)
|
| Top of the 6th over - 2 runs, 1 hit, 1 error, 1 left on base; Mahoning Valley 8 - Aberdeen 0 |
| BOTTOM OF THE 6TH |
|
Aberdeen Ironbirds batting - Pitching for Mahoning Valley Scrappers : LHP Ayaz bin Jalal
|
|
Batting: LHB Danny Schultz
|
0-0: Foul Ball, location: 2F 0-1: Ball 1-1: Called Strike 1-2: Fly out, F9 (Flyball, 9, EV 88.8 MPH)
|
|
Batting: RHB Graham Calvert
|
0-0: Fly out, F8 (Flyball, 89M, EV 86.2 MPH)
|
|
Batting: RHB Chris McGuirk
|
0-0: Swinging Strike 0-1: Foul Ball, location: 2F 0-2: Ball 1-2: Foul Ball, location: 2F 1-2: Strikes out swinging, 2-3 out at first.
|
| Bottom of the 6th over - 0 runs, 0 hits, 0 errors, 0 left on base; Mahoning Valley 8 - Aberdeen 0 |
| TOP OF THE 7TH |
|
Mahoning Valley Scrappers batting - Pitching for Aberdeen Ironbirds : RHP Andrew Telles
|
|
Batting: RHB Kevin Wiles
|
0-0: Swinging Strike 0-1: Ground out 6-3 (Groundball, 6, EV 80.6 MPH)
|
|
Pitching: RHP Mark Lloyd
|
|
|
Batting: RHB Jose Argueta
|
0-0: Ball 1-0: Foul Ball, location: 2F 1-1: Called Strike 1-2: Ball 2-2: Ball 3-2: Base on Balls
|
|
Batting: LHB Rich Walker
|
0-0: Ball 1-0: Called Strike 1-1: Ball 2-1: Foul Ball, location: 2F 2-2: Ball 3-2: Base on Balls Jose Argueta to second
|
|
Batting: RHB Ricky Cordova
|
0-0: Ball 1-0: Ball 2-0: Ball 3-0: Called Strike 3-1: Base on Balls Jose Argueta to third Rich Walker to second
|
|
Pinch Hitting: LHB Shane Montalvo
|
0-0: Ball 1-0: Called Strike 1-1: Swinging Strike 1-2: SINGLE (Groundball, 34D, EV 101.2 MPH) Jose Argueta scores Rich Walker to third Ricky Cordova to second Runner from 3rd tries for Home, SAFE, throw by RF to home
|
|
Pinch Hitting: RHB Nick Gossman
|
0-0: Ball 1-0: Called Strike 1-1: Swinging Strike 1-2: Ball 2-2: Ball 3-2: Fielders Choice at 3rd, U5 (Groundball, 5L, EV 100.6 MPH) Shane Montalvo to second
|
|
Batting: LHB Dave Key
|
0-0: Foul Ball, location: 2F 0-1: Ball 1-1: Foul Ball, location: 2F 1-2: Strikes out swinging
|
| Top of the 7th over - 2 runs, 1 hit, 0 errors, 2 left on base; Mahoning Valley 10 - Aberdeen 0 |
| BOTTOM OF THE 7TH |
|
Aberdeen Ironbirds batting - Pitching for Mahoning Valley Scrappers : LHP Ayaz bin Jalal
|
|
Now at 1B: Nick Gossman
|
|
|
Now in CF: Shane Montalvo
|
|
|
Now in RF: Chris Folse
|
|
|
Batting: LHB Danny Moreno
|
0-0: Ball 1-0: Foul Ball, location: 2F 1-1: Ball 2-1: Swinging Strike 2-2: Ball 3-2: Base on Balls
|
|
Batting: LHB Chris Cohen
|
0-0: Ball 1-0: Called Strike Danny Moreno steals 2nd base (no throw) 1-1: Ball 2-1: Ball 3-1: Foul Ball, location: 2F 3-2: Fly out, F9 (Flyball, 9D, EV 105.6 MPH) Runner from 2nd tags up, SAFE at 3rd, no throw by RF
|
|
Batting: RHB Heihachiro Fujita
|
0-0: Called Strike 0-1: Swinging Strike 0-2: Ball 1-2: Hit by Pitch
|
|
Batting: RHB Tim Cleary
|
0-0: Foul Ball, location: 2F 0-1: Foul Ball, location: 2F 0-2: Ball 1-2: Reached on error, E8 (Line Drive, 8LD, EV 99.4 MPH) Danny Moreno scores Heihachiro Fujita to third
|
|
Batting: LHB Antonio Gutierrez
|
0-0: Ball 1-0: Foul Ball, location: 2F 1-1: Foul Ball, location: 2F 1-2: Foul Ball, location: 2F 1-2: Ground out 1-3 (Groundball, 34S, EV 69.4 MPH)
|
|
Pitching: LHP Oscar Moreno
|
|
|
Batting: RHB Ryan Bentz
|
0-0: Ball 1-0: Called Strike 1-1: Swinging Strike 1-2: Ball 2-2: Strikes out swinging
|
| Bottom of the 7th over - 1 run, 0 hits, 1 error, 2 left on base; Mahoning Valley 10 - Aberdeen 1 |
| TOP OF THE 8TH |
|
Mahoning Valley Scrappers batting - Pitching for Aberdeen Ironbirds : RHP Mark Lloyd
|
|
Pitching: LHP Fadeuka Aleev
|
|
|
Pinch Hitting: RHB Harris Leroux
|
0-0: Called Strike 0-1: Ball 1-1: Called Strike 1-2: Fly out, F8 (Flyball, 8RS, EV 90.6 MPH)
|
|
Pitching: RHP Rich Hensley
|
|
|
Batting: RHB Chris Folse
|
0-0: Ground out 5-3 (Groundball, 5, EV 83.1 MPH)
|
|
Batting: RHB Kevin Wiles
|
0-0: Foul Ball, location: 2F 0-1: Foul Ball, location: 2F 0-2: Ground out 6-3 (Groundball, 6, EV 86.2 MPH)
|
| Top of the 8th over - 0 runs, 0 hits, 0 errors, 0 left on base; Mahoning Valley 10 - Aberdeen 1 |
| BOTTOM OF THE 8TH |
|
Aberdeen Ironbirds batting - Pitching for Mahoning Valley Scrappers : LHP Oscar Moreno
|
|
Now at SS: Reynaldo Herrera
|
|
|
Now in LF: Ricky Cordova
|
|
|
Batting: LHB Danny Schultz
|
0-0: Fly out, F7 (Flyball, 7LS, EV 79.4 MPH)
|
|
Batting: RHB Graham Calvert
|
0-0: Called Strike 0-1: Ball 1-1: Ball 2-1: Foul Ball, location: 2F 2-2: Strikes out looking
|
|
Batting: RHB Chris McGuirk
|
0-0: Ball 1-0: Called Strike 1-1: Ball 2-1: Called Strike 2-2: Foul Ball, location: 2F 2-2: Ball 3-2: Base on Balls
|
|
Batting: LHB Danny Moreno
|
0-0: Ball 1-0: Swinging Strike 1-1: Foul Ball, location: 2F 1-2: Foul Ball, location: 2F 1-2: Strikes out looking
|
| Bottom of the 8th over - 0 runs, 0 hits, 0 errors, 1 left on base; Mahoning Valley 10 - Aberdeen 1 |
| TOP OF THE 9TH |
|
Mahoning Valley Scrappers batting - Pitching for Aberdeen Ironbirds : RHP Rich Hensley
|
|
Batting: RHB Jose Argueta
|
0-0: Ball 1-0: Ball 2-0: Called Strike 2-1: Fly out, F7 (Flyball, 78M, EV 85.0 MPH)
|
|
Pinch Hitting: RHB Tacito Carreiro
|
0-0: Called Strike 0-1: Ball 1-1: Foul Ball, location: 2F 1-2: Fly out, F6 (Popup, 6M, EV 61.2 MPH)
|
|
Batting: RHB Ricky Cordova
|
0-0: Ball 1-0: Swinging Strike 1-1: Fly out, F8 (Flyball, 8RD, EV 94.4 MPH)
|
| Top of the 9th over - 0 runs, 0 hits, 0 errors, 0 left on base; Mahoning Valley 10 - Aberdeen 1 |
| BOTTOM OF THE 9TH |
|
Aberdeen Ironbirds batting - Pitching for Mahoning Valley Scrappers : LHP Oscar Moreno
|
|
Now at C: Tacito Carreiro
|
|
|
Batting: LHB Chris Cohen
|
0-0: Swinging Strike 0-1: Ball 1-1: Called Strike 1-2: Strikes out swinging
|
|
Batting: RHB Heihachiro Fujita
|
0-0: Called Strike 0-1: Foul Ball, location: 2F 0-2: Ball 1-2: Strikes out swinging
|
|
Batting: RHB Tim Cleary
|
0-0: Fly out, F7 (Flyball, 7LSF, EV 75.0 MPH)
|
| Bottom of the 9th over - 0 runs, 0 hits, 0 errors, 0 left on base; Mahoning Valley 10 - Aberdeen 1 |
|